[Event "Titled Tuesday Blitz June 15 2021"]
[White "Plotnikov, Pavel"]
[Black "Boyer, Mahel"]
[WhiteFideId "4170342"]
[BlackFideId "45102422"]
[WhiteElo "2298"]
[BlackElo "2325"]
[Result "1-0"]
[Round "08"]
[TimeControl "180+1"]
[Date "2021.06.15"]
[WhiteClock "0:00:48"]
[BlackClock "0:00:03"]

1. e4 Nc6 2. Nf3 d5 3. exd5 Qxd5 4. Nc3 Qh5 5. Bb5 Bg4 6. d4 O-O-O 7. Be3 Bxf3 8. gxf3 Nxd4 9. Bxd4 e5 10. Bxa7 Rxd1+ 11. Rxd1 Nf6 12. Be2 Bb4 13. Be3 Rd8 14. Rxd8+ Kxd8 15. Rg1 g6 16. Bg5 Be7 17. h4 h6 18. f4 hxg5 19. Bxh5 Nxh5 20. fxg5 Kd7 21. Ne4 Ke6 22. Ke2 Nf4+ 23. Kf3 Nd5 24. c3 Nb6 25. b3 Nd5 26. Rh1 Nf4 27. Rd1 Nd5 28. c4 Nb4 29. Rd2 Nc6 30. Ng3 Nd4+ 31. Ke4 Nc6 32. Ne2 Bb4 33. Rd1 b6 34. f4 Bd6 35. fxe5 Nxe5 36. Nd4+ Ke7 37. Nb5 Nc6 38. Nxd6 cxd6 39. a3 Na5 40. Rd3 Ke6 41. Rf3 Nb7 42. Rf6+ Ke7 43. Kd5 Nc5 44. Rxd6 Nxb3 45. Rxb6 Nc1 46. a4 Ne2 47. a5 Nf4+ 48. Ke4 Ne6 49. Rxe6+ Kd7 50. a6 fxe6 51. a7 Kc7 52. a8=Q 1-0


[Site "https://www.chess.com"]

[Event "Titled Tuesday Blitz June 15 2021"]
[White "Praggnanandhaa R"]
[Black "Gormally, Daniel W"]
[WhiteFideId "25059530"]
[BlackFideId "406465"]
[WhiteElo "2555"]
[BlackElo "2543"]
[Result "1-0"]
[Round "08"]
[TimeControl "180+1"]
[Date "2021.06.15"]
[WhiteClock "0:00:02"]
[BlackClock "0:00:04"]

1. d4 Nf6 2. c4 e6 3. Nc3 Bb4 4. e3 O-O 5. Bd2 d5 6. Nf3 Nbd7 7. Rc1 c6 8. Bd3 Bd6 9. O-O dxc4 10. Bxc4 e5 11. dxe5 Nxe5 12. Nxe5 Bxe5 13. f4 Bc7 14. Qc2 Bf5 15. Qd1 Re8 16. Qe2 Bb6 17. Kh1 Ng4 18. Rf3 Qh4 19. h3 Rad8 20. Be1 Qh5 21. e4 Nf6 22. e5 Bg4 23. Kh2 Bxf3 24. gxf3 Nd5 25. Nxd5 cxd5 26. Bb5 Re6 27. Bg3 Rh6 28. Qg2 Rg6 29. Bd3 Rc6 30. Re1 g6 31. f5 Re8 32. e6 fxe6 33. fxg6 hxg6 34. Be5 Kf7 35. f4 Bc7 36. Rg1 Rg8 37. Bxc7 Rxc7 38. f5 exf5 39. Qxd5+ Kg7 40. Qe5+ Kh6 41. Qf4+ g5 42. Qxc7 Rg6 43. Qd8 Qf3 44. Qh8# 1-0


[Site "https://www.chess.com"]

[Event "Titled Tuesday Blitz June 15 2021"]
[White "Quintiliano Pinto, Renato R."]
[Black "Shipov, Sergei"]
[WhiteFideId "2117568"]
[BlackFideId "4113624"]
[WhiteElo "2439"]
[BlackElo "2786"]
[Result "0-1"]
[Round "08"]
[TimeControl "180+1"]
[Date "2021.06.15"]
[WhiteClock "0:00:07"]
[BlackClock "0:00:28"]

1. d4 d5 2. c4 e6 3. Nc3 c5 4. cxd5 exd5 5. Nf3 Nc6 6. g3 Nf6 7. Bg2 Be7 8. O-O O-O 9. dxc5 Bxc5 10. Na4 Be7 11. Be3 Ne4 12. Rc1 Qa5 13. a3 Rd8 14. Nd4 Bd7 15. Nc3 Nxc3 16. Rxc3 Bf6 17. b4 Qc7 18. Qd2 Qe5 19. Rd3 h6 20. Nf3 Qe8 21. b5 Ne7 22. a4 a6 23. Bd4 Bxd4 24. Nxd4 axb5 25. axb5 Bxb5 26. Re3 Bc6 27. Qb4 Rd7 28. Nf5 Kf8 29. Nxe7 Rxe7 30. Rd1 Rd8 31. Rd4 Rd7 32. Bh3 Rc7 33. Bg2 Kg8 34. Rxe7 Rxe7 35. Bxd5 Rxe2 36. Bxc6 Re1+ 37. Kg2 Qxc6+ 38. Kh3 Qe6+ 39. Kg2 Qc6+ 40. Kh3 Re2 41. Rd8+ Kh7 42. Qf4 Qe6+ 43. Kg2 Re4 44. Qf3 b5 45. Rd1 b4 46. Rb1 f5 47. Qd3 Qc6 48. Qf3 Qc5 49. Rb3 Qe5 50. h3 Kg6 51. Rb2 h5 52. Rb3 h4 53. gxh4 Rxh4 54. Qc6+ Kh7 55. Qf3 g6 56. Rd3 Kh6 57. Rd5 Qe4 58. Rb5 Qxf3+ 59. Kxf3 Rxh3+ 0-1


[Site "https://www.chess.com"]

[Event "Titled Tuesday Blitz June 15 2021"]
[White "Quparadze, Giga"]
[Black "Turgut, Aydin"]
[WhiteFideId "13602250"]
[BlackFideId "2078791"]
[WhiteElo "2658"]
[BlackElo "2138"]
[Result "1-0"]
[Round "08"]
[TimeControl "180+1"]
[Date "2021.06.15"]
[WhiteClock "0:00:21"]
[BlackClock "0:00:19"]

1. e4 e5 2. Nf3 Nc6 3. Bb5 a6 4. Ba4 Nf6 5. Bxc6 dxc6 6. d3 Bd6 7. Nbd2 h6 8. Nc4 Nd7 9. O-O Qe7 10. Ne3 Nf8 11. Nd2 Bd7 12. Nf5 Bxf5 13. exf5 O-O-O 14. Qg4 Nd7 15. Ne4 Nf6 16. Qh3 Kb8 17. Be3 g6 18. fxg6 fxg6 19. Nxf6 Qxf6 20. Rae1 Rdf8 21. c3 h5 22. d4 g5 23. dxe5 Bxe5 24. Bc5 g4 25. Qe3 Re8 26. f4 gxf3 27. Qxf3 Qh4 28. Rxe5 Rxe5 29. Bd4 Qe7 30. Bxe5 Qxe5 31. Qf6 Qe3+ 32. Qf2 Qe6 33. b3 Re8 34. c4 b6 35. h3 Rg8 36. Qf3 h4 37. Qf2 Rg3 38. Kh2 Kb7 39. Qf4 Qe2 40. Rf2 Qh5 41. Rf3 Rg7 42. Re3 Qg6 43. Re2 Rf7 44. Qxh4 Qd6+ 45. Qg3 Qd1 46. Qe1 Qd6+ 47. Qg3 Qd1 48. Re1 Qd2 49. a4 a5 50. Qe3 Qd6+ 51. Qe5 Qd3 52. Qe3 Qd6+ 53. Qg3 Qd2 54. h4 Rf2 55. Rg1 Re2 56. Rf1 Re3 57. Rf3 Re1 58. Rd3 Qc1 59. Qf2 Rh1+ 60. Kg3 Qh6 61. Rd4 Qg7+ 62. Rg4 Qc3+ 63. Qf3 Qe1+ 64. Qf2 Qc3+ 65. Kf4 Qxb3 66. Kg5 Qd3 67. Qf5 Qe3+ 68. Kg6 Qe1 69. h5 Rf1 70. Qe4 Qc1 71. h6 Re1 72. Qf5 Qd1 73. h7 Qd6+ 74. Kg5 Qe7+ 75. Qf6 Qxh7 76. c5 Qb1 77. cxb6 Qxb6 78. Qf4 Rb1 79. Qe5 Rb4 80. Rf4 Rxf4 81. Qxf4 Qb4 82. g4 c5 83. Qf3+ Kb6 84. Qf6+ Kb7 85. Kh5 c4 86. Qf3+ Kb6 87. Qf6+ Qd6 88. g5 Kc6 89. Qf3+ Qd5 90. Qf6+ Kb7 91. Kh6 Qc5 92. g6 c3 93. Qf3+ Qc6 94. Qxc6+ Kxc6 95. g7 c2 96. g8=Q c1=Q+ 97. Kh5 Qc5+ 98. Kh4 Qd4+ 99. Kh3 Qd3+ 100. Kh2 Qd6+ 101. Kh3 Qd3+ 102. Kh2 Qc2+ 103. Kh3 Qc3+ 104. Kh2 Qd2+ 105. Kh3 Qh6+ 106. Kg2 Qd6 107. Qa8+ Kb6 108. Qb8+ Kc5 109. Qb5+ Kd4 110. Qb2+ Kd5 111. Qd2+ Ke6 112. Qe1+ Qe5 113. Qc1 Qd5+ 114. Kf2 c6 115. Qh6+ Kd7 116. Qg7+ Kd6 117. Qf8+ Kc7 118. Qg7+ Kd6 119. Qf8+ Ke5 120. Qg7+ Ke4 121. Qg4+ Kd3 122. Qe2+ Kc3 123. Qe3+ Kb4 124. Qe1+ Kxa4 125. Qa1+ Kb5 126. Qb2+ Ka6 127. Qb8 Qc5+ 128. Kf3 a4 129. Ke4 a3 130. Qa8+ Kb5 131. Qb7+ Qb6 132. Qf7 Ka5 133. Kd3 Qb5+ 134. Kd4 Qb4+ 135. Kd3 Qb1+ 136. Kd4 Qb2+ 137. Kd3 Qb5+ 138. Kc2 Kb6 139. Qf8 Qb2+ 140. Kd3 a2 141. Qb8+ Ka6 142. Qxb2 c5 143. Qxa2+ Kb6 144. Kc3 Kc7 145. Qc4 Kd6 146. Kb3 Ke5 147. Ka4 Kf5 148. Kb5 Kf6 149. Qxc5 Kf7 150. Kc4 Ke8 151. Qd4 Kf7 152. Kd3 Kg8 153. Qe3 Kh7 154. Ke2 Kg8 155. Qf2 Kh7 156. Kf3 Kg8 157. Qg3+ Kh7 158. Qc7+ Kh8 159. Kg4 Kg8 160. Kf5 Kf8 161. Kf6 Ke8 162. Qe7# 1-0


[Site "https://www.chess.com"]

[Event "Titled Tuesday Blitz June 15 2021"]
[White "Ronka, Erik"]
[Black "Tsaruk, Maksim"]
[WhiteFideId "505080"]
[BlackFideId "13511173"]
[WhiteElo "2264"]
[BlackElo "2197"]
[Result "0-1"]
[Round "08"]
[TimeControl "180+1"]
[Date "2021.06.15"]
[WhiteClock "0:00:31"]
[BlackClock "0:02:18"]

1. d4 Nf6 2. c4 e6 3. Nc3 d5 4. cxd5 exd5 5. Bg5 Be7 6. e3 O-O 7. Bd3 Nbd7 8. Qc2 c6 9. Nf3 Re8 10. O-O Ne4 11. Bf4 f5 12. Ne5 Bf6 13. Nxd7 Bxd7 14. h3 Qe7 15. Rae1 Kh8 16. Bh2 Bh4 17. Nd1 Qg5 18. Kh1 Re6 19. g3 Rh6 20. gxh4 Qxh4 21. f3 Ng3+ 22. Bxg3 Qxg3 23. Rf2 Rxh3+ 24. Rh2 Qxe1+ 25. Kg2 Rg3# 0-1


[Site "https://www.chess.com"]

[Event "Titled Tuesday Blitz June 15 2021"]
[White "Rud_Makarian"]
[Black "Moskalenko, Alexander"]
[BlackFideId "4155351"]
[WhiteElo "2774"]
[BlackElo "2495"]
[Result "1/2-1/2"]
[Round "08"]
[TimeControl "180+1"]
[Date "2021.06.15"]
[WhiteClock "0:00:05"]
[BlackClock "0:00:05"]

1. d4 c6 2. c4 d5 3. Nf3 Nf6 4. Nc3 dxc4 5. a4 Bf5 6. Ne5 Nbd7 7. Nxc4 Nb6 8. Ne3 e6 9. a5 Nbd5 10. a6 b6 11. g3 Bb4 12. Bd2 Nxe3 13. Bxe3 Be4 14. f3 Bg6 15. Bg2 O-O 16. O-O Rc8 17. Bf2 Nd7 18. e4 Qe7 19. Qb3 Rfd8 20. Rfd1 Bd6 21. Rac1 Nb8 22. Qa2 Bb4 23. Qa4 Ba5 24. Bf1 Qb4 25. Qxb4 Bxb4 26. d5 exd5 27. exd5 Bxc3 28. Rxc3 f6 29. Rdc1 Rxd5 30. Bc4 Bf7 31. Bxd5 Bxd5 32. Ra3 Nd7 33. f4 Kf7 34. b4 f5 35. b5 c5 36. Rd3 Nf6 37. g4 fxg4 38. Bh4 Be4 39. Re3 Bf5 40. Bxf6 gxf6 41. Rce1 Rc7 42. Re8 c4 43. Rb8 Bc8 44. Rc1 Ke6 45. Rd1 c3 46. Kf2 c2 47. Rc1 Kf5 48. Ke3 h5 49. Kd2 Kxf4 50. Rxc2 Rxc2+ 51. Kxc2 Bf5+ 52. Kc3 Bd7 53. Kb4 h4 54. Rb7 g3 55. hxg3+ hxg3 56. Rxd7 g2 57. Rg7 Kf3 58. Kc4 Kf2 59. Kd5 g1=Q 60. Rxg1 Kxg1 61. Ke6 Kf2 62. Kxf6 Ke3 63. Ke6 Kd4 64. Kd6 Ke4 65. Kc7 Kd5 66. Kb7 Kd6 67. Kb8 Kd7 68. Kxa7 Kc7 69. Ka8 Kc8 70. a7 Kc7 1/2-1/2


[Site "https://www.chess.com"]

[Event "Titled Tuesday Blitz June 15 2021"]
[White "Sarana, Alexey"]
[Black "Cunjalo, Faris"]
[WhiteFideId "24133795"]
[BlackFideId "14410710"]
[WhiteElo "2629"]
[BlackElo "2234"]
[Result "0-1"]
[Round "08"]
[TimeControl "180+1"]
[Date "2021.06.15"]
[WhiteClock "0:00:18"]
[BlackClock "0:00:03"]

1. e4 e5 2. Nf3 Nc6 3. Bc4 Bc5 4. c3 Nf6 5. d3 a6 6. O-O d6 7. Re1 O-O 8. h3 Ba7 9. Bb3 h6 10. Nbd2 Re8 11. Nf1 Be6 12. Bc2 d5 13. exd5 Bxd5 14. Ng3 Qd7 15. Nh4 Rad8 16. Nhf5 Ne7 17. Rxe5 Nxf5 18. Rxf5 Qc6 19. d4 Bxg2 20. Rxf6 Qxf6 21. Kxg2 c5 22. d5 c4 23. f4 Qb6 24. Qf1 Rxd5 25. h4 Rd7 26. Kh3 Rde7 27. Bd2 Qxb2 28. Rc1 Qb6 29. Qxc4 Rc7 30. Qd3 Qe6+ 31. f5 Qf6 32. Bf4 Rd8 33. Qf3 Rxc3 34. Qg4 Bf2 35. Bb3 Bxg3 36. Rxc3 Bxf4 37. Rf3 Be5 38. Qg6 Rd2 39. Re3 Rh2+ 40. Kg4 Rg2+ 41. Kh3 Rxg6 42. fxg6 Qf5+ 43. Kg2 Qxg6+ 44. Kf2 Bd4 0-1


[Site "https://www.chess.com"]

[Event "Titled Tuesday Blitz June 15 2021"]
[White "Sargsyan, Anna M."]
[Black "Vallejo Diaz, Javier"]
[WhiteFideId "13308130"]
[BlackFideId "2256398"]
[WhiteElo "2263"]
[BlackElo "2684"]
[Result "1-0"]
[Round "08"]
[TimeControl "180+1"]
[Date "2021.06.15"]
[WhiteClock "0:00:10"]
[BlackClock "0:00:27"]

1. d4 d5 2. c4 c6 3. Nc3 Nf6 4. Nf3 dxc4 5. a4 Bf5 6. Ne5 Nbd7 7. Nxc4 Nd5 8. f3 e5 9. e4 Nxc3 10. bxc3 Be6 11. Ne3 f6 12. Be2 Qa5 13. Bd2 exd4 14. cxd4 Bb4 15. Rb1 Bxd2+ 16. Qxd2 Qxd2+ 17. Kxd2 O-O-O 18. a5 Kc7 19. Rhc1 Bf7 20. Ke1 Nb8 21. d5 Rhe8 22. Kf2 g6 23. a6 b6 24. dxc6 Rd6 25. Bb5 Re5 26. Nc4 Bxc4 27. Bxc4 Rxc6 28. Bd5 Rxc1 29. Rxc1+ Kd7 30. f4 Re8 31. Bb7 Kd6 32. Kf3 Rd8 33. g4 Nd7 34. g5 fxg5 35. e5+ Ke7 36. Rc7 gxf4 37. Kxf4 Ke6 38. Ke4 Nc5+ 39. Ke3 Rd7 40. Bc8 Ke7 41. Bxd7 Nxd7 42. Rxa7 Ke6 43. Rxd7 Kxd7 44. a7 Kc7 45. a8=Q 1-0


[Site "https://www.chess.com"]

[Event "Titled Tuesday Blitz June 15 2021"]
[White "Savitski, Andrei"]
[Black "Stribuk, Artiom"]
[WhiteFideId "13506161"]
[BlackFideId "13515659"]
[WhiteElo "2121"]
[BlackElo "2177"]
[Result "1-0"]
[Round "08"]
[TimeControl "180+1"]
[Date "2021.06.15"]
[WhiteClock "0:00:48"]
[BlackClock "0:00:02"]

1. e4 c5 2. Nf3 Nc6 3. Bb5 g6 4. O-O Bg7 5. c3 Nf6 6. Re1 O-O 7. d3 d5 8. e5 Ne8 9. d4 Nc7 10. Bxc6 bxc6 11. h3 Rb8 12. dxc5 a5 13. a3 Ba6 14. b4 Ne6 15. Be3 f6 16. exf6 Bxf6 17. Nd4 Nxd4 18. Bxd4 e5 19. Bxe5 Bxe5 20. Rxe5 Qf6 21. Qe1 Bd3 22. Re3 Be4 23. Nd2 Bf5 24. Nb3 axb4 25. axb4 Qg5 26. Nd4 Be4 27. f3 Bf5 28. Nxc6 Bxh3 29. g3 Rb7 30. Nd4 Rbf7 31. c6 Qh5 32. b5 g5 33. b6 Rxf3 34. Nxf3 Rxf3 35. Ra8+ Kg7 36. Rxf3 Qxf3 37. Qf2 Qd1+ 38. Kh2 Bg4 39. Rf8 1-0


[Site "https://www.chess.com"]

[Event "Titled Tuesday Blitz June 15 2021"]
[White "Shahaliyev, Ismayil"]
[Black "Villegas, Pierre"]
[WhiteFideId "13406388"]
[BlackFideId "654183"]
[WhiteElo "2105"]
[BlackElo "2411"]
[Result "1/2-1/2"]
[Round "08"]
[TimeControl "180+1"]
[Date "2021.06.15"]
[WhiteClock "0:00:05"]
[BlackClock "0:00:23"]

1. e4 c6 2. Nc3 d5 3. Nf3 Bg4 4. h3 Bxf3 5. Qxf3 e6 6. d3 Nd7 7. Qg3 h5 8. h4 g6 9. Be2 Bg7 10. O-O Bf6 11. Bg5 Bxg5 12. hxg5 d4 13. Nb1 e5 14. Nd2 f6 15. f4 fxg5 16. fxe5 Qe7 17. Nc4 Nh6 18. e6 Qxe6 19. Qxg5 Nf7 20. Qf4 Nfe5 21. Nxe5 Nxe5 22. Qg5 Rf8 23. Rxf8+ Kxf8 24. Rf1+ Kg7 25. Bxh5 Rf8 26. Rxf8 Kxf8 27. Be2 Qe7 28. Qh6+ Kg8 29. Qf4 Kg7 30. a3 a5 31. Bg4 Qf6 32. Qxf6+ Kxf6 33. Bc8 b6 34. Kf2 c5 35. Ke2 g5 36. c3 Ke7 37. cxd4 cxd4 38. Ba6 Kd6 39. b4 axb4 40. axb4 Kc6 41. Bc4 b5 42. Bd5+ Kb6 43. Kd2 Ka6 44. Ke2 Kb6 45. Bb3 Ka6 46. Kf2 Kb6 47. Bd5 Nxd3+ 48. Kg3 Ne5 49. Kf2 Kc7 50. Ke2 Kb6 51. Kd2 Kc7 52. Ke2 Kd6 53. Kd2 Kc7 54. Ke2 1/2-1/2


[Site "https://www.chess.com"]

[Event "Titled Tuesday Blitz June 15 2021"]
[White "Shapkin, Anatoliy"]
[Black "Matlakov, Maxim"]
[WhiteFideId "34108332"]
[BlackFideId "4168003"]
[WhiteElo "2223"]
[BlackElo "2760"]
[Result "0-1"]
[Round "08"]
[TimeControl "180+1"]
[Date "2021.06.15"]
[WhiteClock "0:00:03"]
[BlackClock "0:00:09"]

1. d4 f5 2. g3 Nf6 3. Bg2 g6 4. Nf3 Bg7 5. O-O O-O 6. c3 d6 7. Qb3+ Kh8 8. Ng5 d5 9. c4 e6 10. Nc3 c6 11. Bf4 h6 12. Nf3 g5 13. Be5 Qe7 14. c5 Ne8 15. Bxg7+ Kxg7 16. Ne5 Nd7 17. f4 gxf4 18. gxf4 Nxe5 19. fxe5 Kh7 20. e3 Rg8 21. Ne2 b6 22. cxb6 Ba6 23. Rf2 Bxe2 24. Rxe2 Rb8 25. bxa7 Qxa7 26. Qc3 Qa6 27. Rc2 Rb7 28. Kh1 Rbg7 29. a3 Rg5 30. Rg1 R8g6 31. Rcc1 Ng7 32. Bf3 Qb7 33. b4 Qe7 34. Qd2 Qa7 35. Qb2 Qa6 36. Qc3 Qb5 37. Rxg5 hxg5 38. Qxc6 Qd3 39. Qc3 Qa6 40. Qb3 Rh6 41. b5 Qb6 42. a4 g4 43. Bg2 Qd8 44. Qc2 Qh4 45. Bf1 Nh5 46. Kg1 Ng3 47. Qg2 Ne4 48. Bd3 Ng5 49. Be2 Nh3+ 50. Kf1 Qg5 51. Qg3 Qd8 52. Rb1 Qa5 53. Qe1 Qxa4 54. b6 Qa3 55. b7 Qxe3 56. b8=Q Qf4+ 57. Kg2 Qe4+ 58. Kg3 f4+ 59. Kxg4 Rg6+ 60. Kh4 f3+ 0-1


[Site "https://www.chess.com"]

[Event "Titled Tuesday Blitz June 15 2021"]
[White "Shkapenko, Pavel"]
[Black "Ozates, Tuna"]
[WhiteFideId "4151933"]
[BlackFideId "6354521"]
[WhiteElo "2386"]
[BlackElo "1872"]
[Result "1-0"]
[Round "08"]
[TimeControl "180+1"]
[Date "2021.06.15"]
[WhiteClock "0:01:17"]
[BlackClock "0:00:22"]

1. e4 c5 2. c3 d5 3. exd5 Nf6 4. d4 cxd4 5. Qa4+ Nbd7 6. Qxd4 Nb6 7. c4 e6 8. Nc3 Bb4 9. Nf3 O-O 10. Be2 exd5 11. c5 Bxc3+ 12. Qxc3 Na4 13. Qd4 b5 14. O-O Qc7 15. b4 Re8 16. Bxb5 Re4 17. Qd2 Bd7 18. Bd3 Ree8 19. Qf4 Qxf4 20. Bxf4 Ne4 21. Rfe1 Nac3 22. Nd4 a5 23. c6 Bc8 24. b5 Kf8 25. f3 g5 26. Bc7 Nf6 27. b6 Ba6 28. Bxa6 Rxa6 29. b7 Rxc6 30. Rxe8+ Nxe8 31. Nxc6 1-0


[Site "https://www.chess.com"]

[Event "Titled Tuesday Blitz June 15 2021"]
[White "Shuvalova, Polina"]
[Black "Ozen, Bahadir"]
[WhiteFideId "24171760"]
[BlackFideId "6337058"]
[WhiteElo "2299"]
[BlackElo "2503"]
[Result "0-1"]
[Round "08"]
[TimeControl "180+1"]
[Date "2021.06.15"]
[WhiteClock "0:00:03"]
[BlackClock "0:00:12"]

1. e4 e6 2. d4 d5 3. Nd2 c5 4. exd5 exd5 5. Ngf3 Nf6 6. Bb5+ Bd7 7. Qe2+ Be7 8. dxc5 O-O 9. O-O Bxc5 10. Nb3 Re8 11. Qd3 Bxb5 12. Qxb5 Bb6 13. Bg5 Nbd7 14. Rad1 Qc7 15. c3 a6 16. Qd3 Re4 17. Bh4 Rae8 18. Bg3 Qc8 19. Nfd4 Ne5 20. Bxe5 R4xe5 21. Qf3 h6 22. g3 Qh3 23. Qg2 Qd7 24. Rd3 Re1 25. Rd1 R1e5 26. Nf3 Re2 27. Rd2 Ng4 28. Nbd4 Rxd2 29. Nxd2 Bxd4 30. cxd4 Re2 31. Nb3 Rxb2 32. Qf3 Nf6 33. Nc5 Qe7 34. a4 a5 35. h4 h5 36. Rc1 b6 37. Nd3 Rb3 38. Rc8+ Kh7 39. Qd1 Qd7 40. Rb8 Qc7 41. Rf8 Rc3 42. Ne5 Rc1 0-1


[Site "https://www.chess.com"]

[Event "Titled Tuesday Blitz June 15 2021"]
[White "Sirosh, Ilja"]
[Black "Krivonosov, Oleg"]
[WhiteFideId "4500458"]
[BlackFideId "11600349"]
[WhiteElo "2241"]
[BlackElo "2469"]
[Result "1/2-1/2"]
[Round "08"]
[TimeControl "180+1"]
[Date "2021.06.15"]
[WhiteClock "0:00:02"]
[BlackClock "0:00:01"]

1. e4 e5 2. Nf3 Nc6 3. Bc4 Bc5 4. d3 Nf6 5. c3 d6 6. O-O h6 7. Re1 O-O 8. Nbd2 a6 9. a4 Ba7 10. h3 Re8 11. b4 Be6 12. Bxe6 Rxe6 13. Qc2 Ne7 14. Nf1 Ng6 15. d4 d5 16. exd5 Qxd5 17. c4 Qd7 18. Nxe5 Nxe5 19. dxe5 Nh7 20. Be3 Rxe5 21. Bxa7 Rxe1 22. Rxe1 Rxa7 23. Rd1 Qe8 24. a5 Ra8 25. Qd3 Nf6 26. Ne3 Qe5 27. c5 Re8 28. c6 bxc6 29. Qxa6 Qb5 30. Qxb5 cxb5 31. Rc1 Rc8 32. a6 Ra8 33. Rc6 Ne8 34. Nd5 Kf8 35. f4 Ra7 36. Kf2 Nd6 37. Nxc7 Ke7 38. Rxd6 Rxc7 39. Rb6 Rc2+ 40. Kf3 Ra2 41. Rb7+ Ke6 42. a7 g6 43. Ke4 f5+ 44. Kd4 Kd6 45. Rg7 g5 46. fxg5 hxg5 47. g3 Ke6 48. h4 Kf6 49. Rb7 gxh4 50. gxh4 Kg6 51. Ke3 Ra4 52. Kf3 Kf6 53. h5 Kg5 54. Rxb5 Rxa7 55. Rc5 Ra3+ 56. Kf2 Rh3 57. b5 Rxh5 58. b6 Rh2+ 59. Ke3 Rb2 60. Rc6 f4+ 61. Kd3 f3 62. Kc3 f2 63. Kxb2 f1=Q 64. Rc5+ Kf6 65. Kb3 Qa6 66. Rc6+ Ke5 67. Rc5+ Kd6 68. Rc4 Qxb6+ 69. Kc3 Qc5 70. Rxc5 Kxc5 1/2-1/2


[Site "https://www.chess.com"]

[Event "Titled Tuesday Blitz June 15 2021"]
[White "Sjugirov, Sanan"]
[Black "Shevchenko, Kirill"]
[WhiteFideId "4189302"]
[BlackFideId "14129574"]
[WhiteElo "2472"]
[BlackElo "2569"]
[Result "0-1"]
[Round "08"]
[TimeControl "180+1"]
[Date "2021.06.15"]
[WhiteClock "0:00:06"]
[BlackClock "0:00:07"]

1. e4 c5 2. Nf3 d6 3. d4 cxd4 4. Nxd4 Nc6 5. c4 g6 6. Nc3 Bg7 7. Be3 Nf6 8. Be2 O-O 9. O-O Nxd4 10. Bxd4 Bd7 11. Qd3 a5 12. Rad1 Bc6 13. f4 Nd7 14. Bxg7 Kxg7 15. Kh1 Qb6 16. Rd2 a4 17. Bg4 Nf6 18. Bf3 Rfd8 19. Qe2 e5 20. f5 g5 21. Nd1 h5 22. g3 g4 23. Bg2 Qc5 24. Nf2 h4 25. gxh4 Rh8 26. Rc1 Rxh4 27. Nd3 Qd4 28. Nb4 Qc5 29. Nd3 Qd4 30. Nb4 Nxe4 31. Rd3 Nf2+ 0-1


[Site "https://www.chess.com"]

[Event "Titled Tuesday Blitz June 15 2021"]
[White "Skliarov, Viktor"]
[Black "Loy, Konstantin"]
[WhiteFideId "14106736"]
[BlackFideId "14122499"]
[WhiteElo "2344"]
[BlackElo "2084"]
[Result "0-1"]
[Round "08"]
[TimeControl "180+1"]
[Date "2021.06.15"]
[WhiteClock "0:00:44"]
[BlackClock "0:00:44"]

1. e4 c5 2. Nf3 d6 3. d4 cxd4 4. Qxd4 Nc6 5. Bb5 Bd7 6. Bxc6 Bxc6 7. Nc3 h6 8. O-O e5 9. Qd3 Nf6 10. b4 b6 11. b5 Bb7 12. Ba3 Be7 13. Rfd1 Rc8 14. Bb4 O-O 15. a4 Qc7 16. Nd2 Rfd8 17. a5 d5 18. axb6 axb6 19. Bxe7 Qxe7 20. exd5 Nxd5 21. Nxd5 Rxd5 22. Qe3 Qc5 23. Qxc5 Rcxc5 24. c4 Rd7 25. h3 g5 0-1


[Site "https://www.chess.com"]

[Event "Titled Tuesday Blitz June 15 2021"]
[White "Slizhevsky, Alexander"]
[Black "Liyanage, Ranindu Dilshan"]
[WhiteFideId "4152050"]
[BlackFideId "9915834"]
[WhiteElo "2380"]
[BlackElo "1839"]
[Result "0-1"]
[Round "08"]
[TimeControl "180+1"]
[Date "2021.06.15"]
[WhiteClock "0:00:02"]
[BlackClock "0:00:07"]

1. e4 c5 2. Nf3 d6 3. d4 cxd4 4. Nxd4 Nf6 5. Nc3 a6 6. Be2 e5 7. Nf3 Be7 8. Bg5 Be6 9. Bxf6 Bxf6 10. Nd5 Bxd5 11. Qxd5 Nc6 12. O-O O-O 13. Rfd1 Qb6 14. Qb3 Qc7 15. c3 g6 16. Ne1 Rfd8 17. Nc2 Bg5 18. Nb4 Nxb4 19. Qxb4 Kg7 20. Rd5 f5 21. exf5 gxf5 22. Rad1 Be7 23. Kh1 Kh8 24. Qb3 Rg8 25. Qc2 Raf8 26. Qd3 Qb6 27. Kg1 Qxb2 28. Rb1 Qxa2 29. Rxb7 Rg7 30. g3 f4 31. Kg2 Qa4 32. Bf3 fxg3 33. fxg3 Rgf7 34. Bh5 Qa2+ 35. Kh3 Rf2 36. Rxe7 Rxh2+ 37. Kg4 Rg8+ 38. Kf5 Rxh5+ 39. Ke6 Rh6+ 40. Kd7 Qa4+ 41. Kc7 Qg4 42. Kb6 Rb8+ 43. Ka7 Qc8 44. Rxd6 Ra8+ 45. Kb6 Qb8+ 46. Kc6 Qf8 47. Rxh6 Qxh6+ 48. Kc5 Rc8+ 49. Kb4 Qb6+ 50. Ka4 Qc6+ 51. Kb3 Rb8+ 52. Kc2 Qg2+ 53. Kc1 Qg1+ 54. Kd2 Rb2+ 0-1


[Site "https://www.chess.com"]

[Event "Titled Tuesday Blitz June 15 2021"]
[White "Solon, Nathan"]
[Black "Karpov, Vadim"]
[WhiteFideId "2017229"]
[BlackFideId "4155025"]
[WhiteElo "2632"]
[BlackElo "2290"]
[Result "1-0"]
[Round "08"]
[TimeControl "180+1"]
[Date "2021.06.15"]
[WhiteClock "0:00:20"]
[BlackClock "0:00:02"]

1. d4 Nf6 2. c4 e6 3. g3 d5 4. Bg2 Bb4+ 5. Nd2 O-O 6. Nf3 b6 7. O-O Bb7 8. a3 Be7 9. cxd5 exd5 10. b4 Nbd7 11. Bb2 Bd6 12. Rc1 Re8 13. e3 c6 14. Qb3 a5 15. Rfe1 axb4 16. axb4 b5 17. Ne5 Nxe5 18. dxe5 Bxe5 19. Bxe5 Rxe5 20. Nf3 Re8 21. Nd4 Ra6 22. Rc2 Nd7 23. Rec1 Ne5 24. Qc3 g6 25. Nb3 Nc4 26. Nc5 Ra7 27. Qd4 Qa8 28. Nd7 Re6 29. Bh3 f5 30. Nf6+ Rxf6 31. Qxf6 Qf8 32. Qd4 Ra4 33. g4 Rxb4 34. Qa7 Bc8 35. gxf5 Ra4 36. Qc7 Bxf5 37. Bxf5 Qxf5 38. Qxc6 Na3 39. Qe8+ Kg7 40. Qe7+ Kh6 41. Rc7 Qg4+ 42. Kf1 Qh3+ 43. Ke1 1-0


[Site "https://www.chess.com"]

[Event "Titled Tuesday Blitz June 15 2021"]
[White "Starozhilov, Leonid"]
[Black "Indjic, Aleksandar"]
[WhiteFideId "14106752"]
[BlackFideId "911925"]
[WhiteElo "2414"]
[BlackElo "2643"]
[Result "0-1"]
[Round "08"]
[TimeControl "180+1"]
[Date "2021.06.15"]
[WhiteClock "0:00:04"]
[BlackClock "0:00:46"]

1. e4 c5 2. Nf3 e6 3. b3 Nc6 4. Bb2 d6 5. Bb5 Ne7 6. O-O a6 7. Bxc6+ bxc6 8. d4 cxd4 9. Nxd4 e5 10. Ne2 Ng6 11. c4 Be7 12. Nbc3 O-O 13. c5 dxc5 14. Na4 Be6 15. Qc2 c4 16. bxc4 Rb8 17. c5 Rb4 18. Nb6 Rb5 19. Na4 Qb8 20. Ng3 Nf4 21. Nf5 Bxf5 22. exf5 Bxc5 23. Nxc5 Rxb2 24. Qe4 Qd6 25. Nb3 Qd5 26. Rfe1 f6 27. Rad1 Ne2+ 28. Rxe2 Qxd1+ 29. Re1 Qd5 30. Qa4 e4 31. Qxa6 Qxf5 32. Qc4+ Kh8 33. Qd4 Rxa2 34. Nc5 Qd5 0-1


[Site "https://www.chess.com"]

[Event "Titled Tuesday Blitz June 15 2021"]
[White "Stepanencu, Nicodim-Cosmin"]
[Black "Jakubowski, Krzysztof"]
[WhiteFideId "1256220"]
[BlackFideId "1112848"]
[WhiteElo "1704"]
[BlackElo "2462"]
[Result "1-0"]
[Round "08"]
[TimeControl "180+1"]
[Date "2021.06.15"]
[WhiteClock "0:00:02"]
[BlackClock "0:00:02"]

1. e4 c5 2. Nf3 e6 3. b3 b6 4. Bd3 Bb7 5. O-O Nc6 6. Re1 Qc7 7. Bb2 Nge7 8. c4 Ng6 9. Nc3 a6 10. Bf1 f6 11. d4 cxd4 12. Nxd4 Nce5 13. g3 h5 14. f4 Ng4 15. h3 Nxf4 16. hxg4 Bc5 17. Na4 Nh3+ 18. Bxh3 Qxg3+ 19. Bg2 hxg4 20. Nxc5 bxc5 21. Nc2 Rh2 22. Qd2 O-O-O 23. Re3 Qh4 24. Qf2 Qh6 25. Qg3 Rh8 26. Rf1 f5 27. Bc1 g5 28. Re2 Rxg2+ 29. Qxg2 fxe4 30. Be3 g3 31. Rfe1 d5 32. Rf1 d4 33. Nxd4 cxd4 34. Bxd4 e3 35. Rf3 1-0


[Site "https://www.chess.com"]